 Dungeon Crawl Stone Soup version 0.21.1-1-g345015fe64 (webtiles) character file.

279 Jerry the Slasher (level 6, 0/43 HPs)
             Began as an Octopode Fighter on Feb 28, 2018.
             Slain by archiater's ghost (8 damage)
             ... on level 4 of the Dungeon.
             The game lasted 00:07:45 (2528 turns).

Jerry the Slasher (Octopode Fighter)                Turns: 2528, Time: 00:07:46

Health: 0/43       AC:  1    Str: 20    XL:     6   Next: 26%
Magic:  6/6        EV: 12    Int: 10    God:
Gold:   177        SH:  9    Dex: 14    Spells: 5/5 levels left

rFire    . . .     SeeInvis .   a - +0 long sword
rCold    . . .     Gourm    .   b - +0 shield
rNeg     . . .     Faith    .   (helmet restricted)
rPois    .         Spirit   .   (no amulet)
rElec    .         Reflect  .   (no ring)
rCorr    +         Harm     .   s - ring of resist corrosion
MR       .....                  (no ring)
Stlth    +++.......             (no ring)
HPRegen  0.14/turn              (no ring)
MPRegen  0.10/turn              (no ring)
                                (no ring)
                                (no ring)

@: mighty, lethally poisoned (0 -> -27)
A: almost no armour, stealthy swim, amphibious, 8 rings, constrict 8, camouflage
1, gelatinous body 1
a: no special abilities


You were on level 4 of the Dungeon.
You were not hungry.

You visited 1 branch of the dungeon, and saw 4 of its levels.

You collected 177 gold pieces.

Inventory:

Hand Weapons
 a - a +0 long sword (weapon)
Armour
 b - a +0 shield (worn)
Jewellery
 s - a ring of resist corrosion (right tentacle)
Scrolls
 i - 2 scrolls of teleportation {unknown}
 j - 2 scrolls of magic mapping {unknown}
 k - 8 scrolls of identify {unknown}
 m - a scroll of enchant weapon {unknown}
 o - a scroll of fear {unknown}
Potions
 c - a potion of brilliance {unknown}
 f - 2 potions of haste {unknown}
 h - a potion of mutation {unknown}
 l - 2 potions of curing {unknown}
 n - a potion of magic {unknown}
 p - 2 potions of agility {unknown}
Comestibles
 d - 9 rations


   Skills:
 + Level 3.8 Fighting
 * Level 4.1 Long Blades
 + Level 3.8 Dodging
 + Level 3.3 Stealth
 + Level 3.7 Shields


You had 5 spell levels left.
You didn't know any spells.

Dungeon Overview and Level Annotations

Branches:
Dungeon (4/15)
 Temple: D:4-7

Altars:

Annotations:
D:3 Jessica
D:4 archiater's ghost, amateur GrFi


Innate Abilities, Weirdness & Mutations

You cannot wear most types of armour.
You are very stealthy in the water. (Stealth+)
You are amphibious.
You can wear up to eight rings at the same time.
You can use your tentacles to constrict eight enemies at once.
Your skin changes colour to match your surroundings (Stealth+).
Your rubbery body absorbs attacks. (AC +1, EV +1)


Message History

Archiater's ghost is severely damaged.
You feel sick. You block archiater's ghost's attack.
Archiater's ghost barely misses you.
You barely miss archiater's ghost.
You squeeze archiater's ghost, but do no damage.
Archiater's ghost is severely damaged.
You feel sick.
Archiater's ghost says, "I was once a great warrior, and I still am!"
You block archiater's ghost's attack.
You closely miss archiater's ghost. Your squeeze misses archiater's ghost.
Archiater's ghost is severely damaged.
You feel sick. Archiater's ghost hits you.
* * * LOW HITPOINT WARNING * * *
You are more poisoned.
You slash archiater's ghost!
Archiater's ghost is almost destroyed.
* * * LOW HITPOINT WARNING * * *
You feel very sick. You block archiater's ghost's attack.
Archiater's ghost hits you!
You die...

............###+#'#'#
.................^...
###+#......)......<.
#.................
+......#####'#.... #
####......# #.#....
#.#....#....# #.#....
#......#W...# #.#....
####..@#....# #.#....
........W....#####.#....
.............'.....##...
##########...#######
#...# #...# #####


You could see archiater's ghost.

Vanquished Creatures
  The ghost of NihilVerum the Sneak, an amateur OpAs (D:3)
  Crazy Yiuf (D:3)
  An orc priest (D:3)
  2 adders
  An ooze (D:1)
  An adder skeleton (D:4)
  A dart slug (D:2)
  2 leopard geckos (D:2)
  9 orcs (D:3)
  3 giant cockroaches
  6 goblins
  6 hobgoblins
  10 jackals
  2 ball pythons
  7 bats
  2 frilled lizards
  8 kobolds
  A rat (D:2)
64 creatures vanquished.

Notes
Turn   | Place    | Note
-------+----------+-------------------------------------------
     0 | D:1      | Jerry the Octopode Fighter began the quest for the Orb.
     0 | D:1      | Reached XP level 1. HP: 16/16 MP: 1/1
   126 | D:1      | Reached XP level 2. HP: 21/21 MP: 2/2
   128 | D:1      | Reached skill level 1 in Stealth
   445 | D:1      | Reached XP level 3. HP: 26/26 MP: 3/3
  1148 | D:3      | Reached XP level 4. HP: 31/31 MP: 4/4
  1232 | D:3      | Reached skill level 3 in Long Blades
  1239 | D:3      | Noticed NihilVerum's ghost (amateur OpAs)
  1250 | D:3      | Killed NihilVerum's ghost
  1250 | D:3      | Reached XP level 5. HP: 17/36 MP: 5/5
  1530 | D:3      | Reached XP level 6. HP: 20/43 MP: 6/6
  1782 | D:3      | Noticed Jessica
  1888 | D:3      | Reached skill level 4 in Long Blades
  2034 | D:3      | Found a runed door.
  2246 | D:3      | Noticed Crazy Yiuf
  2251 | D:3      | Killed Crazy Yiuf
  2330 | D:4      | Noticed archiater's ghost (amateur GrFi)
  2528 | D:4      | Slain by archiater's ghost

Skill      XL: |  1  2  3  4  5  6 |
---------------+-------------------+-----
Stealth        | 1 2 3 |  3.3
Long Blades    | 3 4 |  4.1
Fighting       | |  3.8
Dodging        | |  3.8
Shields        | |  3.7

Action                   |  1- 3 |  4- 6 || total
-------------------------+-------+-------++-------
Melee: Long sword        |    54 |    63 ||   117
       Constrict         |    19 |    13 ||    32
       Tentacles         |    15 |     9 ||    24
  Use: Potion            |       |     2 ||     2
       Scroll            |       |     1 ||     1
 Stab: Sleeping          |    10 |     7 ||    17
       Distracted        |     1 |       ||     1
  Eat: Chunk             |     1 |     4 ||     5
Armor: Skin              |     6 |     3 ||     9
Dodge: Dodged            |    30 |    32 ||    62
Block: Shield            |    25 |    26 ||    51
       Rpst.: Long sword |     9 |     6 ||    15
